 Dungeon Crawl Stone Soup version 0.25-a0-35-g747a2b3c0c (webtiles) character file.

Game seed: 12112202022431672520, levelgen mode: deterministic

11548 CryoSword the Spear-Bearer (level 11, -5/117 HPs)
             Began as a Merfolk Skald on Oct 17, 2019.
             Was a Priest of Hepliaklqana.
             Killed from afar by an electric eel (11 damage)
             ... with a bolt of electricity
             ... on level 9 of the Dungeon.
             The game lasted 01:03:47 (13223 turns).

CryoSword the Spear-Bearer (Merfolk Skald)         Turns: 13223, Time: 01:03:48

Health: -5/117     AC:  8    Str: 21    XL:     11   Next: 79%
Magic:  17/17      EV: 16    Int: 13    God:    Hepliaklqana [***...]
Gold:   400        SH:  5    Dex: 15    Spells: 7/18 levels left

rFire    . . .     SeeInvis .   a - +1 trident (protect)
rCold    . . .     Gourm    .   n - +0 buckler
rNeg     + . .     Faith    .   v - +1 leather armour {MR+}
rPois    .         Spirit   .   (no helmet)
rElec    .         Reflect  .   (no cloak)
rCorr    .         Harm     .   A - +1 pair of gloves {archery}
MR       +....                  p - +1 pair of boots
Stlth    ..........             (no amulet)
HPRegen  0.29/turn              s - +3 ring of strength
MPRegen  0.15/turn              w - ring of positive energy

@: berserking, about to teleport, very quick
A: change form in water, swift swim, stealthy swim, reduced essence
a: Recall Ancestor, Ancestor Identity, Transference, Renounce Religion


You were on level 9 of the Dungeon.
You worshipped Hepliaklqana.
Hepliaklqana was most pleased with you.
You were not hungry.

You visited 2 branches of the dungeon, and saw 12 of its levels.

You collected 621 gold pieces.
You spent 221 gold pieces at shops.

Inventory:

Hand Weapons
 a - a +1 trident of protection (weapon)
   (You took it off an orc on level 5 of the Dungeon)
 b - the +5 scythe "Finisher" {speed, eviscerate}
   (You found it on level 7 of the Dungeon)

   Attacks with this weapon are significantly faster.
Missiles
 h - 2 throwing nets {!f}
 j - 11 boomerangs
 u - 6 poisoned darts
 B - 3 atropa-tipped darts (quivered)
Armour
 n - a +0 buckler (worn)
   (You bought it in a shop on level 5 of the Dungeon)
 p - a +1 pair of boots (worn)
   (You found it on level 2 of the Dungeon)
 v - a +1 leather armour of magic resistance (worn)
   (You took it off an orc on level 2 of the Dungeon)
 A - a +1 pair of gloves of archery (worn)
   (You found it on level 3 of the Dungeon)
 D - a +0 large shield
   (You found it on level 4 of the Dungeon)
Jewellery
 s - a +3 ring of strength (left hand)
   (You found it on level 8 of the Dungeon)
 w - a ring of positive energy (right hand)
   (You found it on level 3 of the Dungeon)
 y - an uncursed ring of see invisible
   (You found it on level 5 of the Dungeon)
Wands
 g - a wand of flame (22)
   (You found it on level 4 of the Dungeon)
Scrolls
 c - 4 scrolls of teleportation {@r4}
 i - 4 scrolls of enchant weapon
 l - 2 scrolls of identify {@r1}
 t - 2 scrolls of amnesia
 C - a scroll of fog
 F - a scroll of remove curse {@r2}
 G - a scroll of acquirement {unknown}
Potions
 f - 2 potions of flight {unknown}
 k - a potion of mutation {unknown}
 m - a potion of agility {unknown}
 o - a potion of curing {@q1}
 q - a potion of might {unknown}
 r - a potion of haste {unknown}
 x - a potion of ambrosia {unknown}
 z - a potion of brilliance {unknown}
Comestibles
 d - 25 rations {!d}


   Skills:
 * Level 8.8 Fighting
 * Level 13.3 Polearms
 + Level 2.9 Armour
 - Level 7.0 Dodging
 - Level 5.5 Stealth
 - Level 4.0 Shields
 - Level 4.0 Spellcasting
 + Level 3.8 Hexes
 + Level 7.4 Charms
 + Level 3.4 Necromancy
 + Level 3.5 Translocations


You had 7 spell levels left.
You knew the following spells:

 Your Spells              Type           Power        Failure   Level  Hunger
a - Infusion              Chrm           ###.         1%          1    None
b - Song of Slaying       Chrm           ###.....     1%          2    ##.....
c - Shroud of Golubria    Chrm/Tloc      ###...       3%          2    ##.....
d - Regeneration          Chrm/Necr      ###.......   8%          3    ###....
e - Spectral Weapon       Hex/Chrm       ###.....     7%          3    ###....

Your spell library contained the following spells:

 Spells                   Type           Power        Failure   Level  Hunger
 Corona                   Hex            ##.....      4%          1    None
 Slow                     Hex            ##......     8%          2    ##.....
 Portal Projectile        Hex/Tloc       ##....       16%         3    ###....
 Sting                    Conj/Pois      #...         24%         1    None
 Summon Small Mammal      Summ           #...         24%         1    None
 Inner Flame              Hex/Fire       #.......     32%         3    ###....
 Summon Guardian Golem    Hex/Summ       #.......     32%         3    ###....
 Call Imp                 Summ           #.......     34%         2    ##.....
 Poisonous Vapours        Pois/Air       #.....       34%         2    ##.....
 Cause Fear               Hex            ##........   43%         4    ####...
 Call Canine Familiar     Summ           #.......     56%         3    ###....
 Mephitic Cloud           Conj/Pois/Air  #.......     56%         3    ###....
 Leda's Liquefaction      Hex/Erth       #.........   71%         4    ####...
 Olgreb's Toxic Radiance  Pois           #.......     93%         4    ####...
 Summon Ice Beast         Ice/Summ       #.......     93%         4    ####...
 Summon Lightning Spire   Summ/Air       #.......     93%         4    ####...
 Venom Bolt               Conj/Pois      #.........   100%        5    ######.


Dungeon Overview and Level Annotations

Branches:
Dungeon (11/15)            Temple (1/1) D:4            Lair (0/6) D:9
    Orc (0/2) D:10

Altars:
Ashenzari
Cheibriados
Dithmenos
Elyvilon
Fedhas
Gozag
Hepliaklqana
Kikubaaqudgha
Makhleb
Nemelex Xobeh
Okawaru
Qazlal
Ru
Sif Muna
Trog
Uskayaw
Vehumet
Wu Jian
Xom
Yredelemnul
Zin
The Shining One

Shops:
D:5 [   D:8 *   D:9 !

Annotations:
D:7 2 transporters, runewalsh's ghost, novice OpWz


Message History

You puncture the wraith!
The wraith is moderately damaged.
Your spectral weapon hits the wraith but does no damage.
The wraith barely misses you.
You puncture the wraith!
The wraith is severely damaged.
Your spectral weapon hits the wraith but does no damage.
You closely miss the wraith.
The wraith is severely damaged.
Your spectral weapon hits the wraith.
The wraith misses you.
You hit the wraith but do no damage.
The wraith is severely damaged.
Your spectral weapon hits the wraith.
Thorgils closely misses the wraith.
The wraith hits your spectral weapon.
Your spectral weapon shares its damage with you!
The wraith drains your spectral weapon's vigour!
Your spectral weapon seems to slow down.
You closely miss the wraith.
The wraith is almost destroyed.
Your spectral weapon hits the wraith!
You destroy the wraith!
No target in view!
Your spectral weapon is no longer moving slowly.
Your spectral weapon fades away.
There is a stone staircase leading down here.
You swap places.
Key pressed, stopping explore.
Found a stone staircase leading down.
d - 25 rations {!d} (gained 1)
You now have 387 gold pieces (gained 17).
Some of the chunks of flesh in your inventory have rotted away.
You now have 400 gold pieces (gained 13).
Done exploring.
Done exploring.
Done exploring.
Done exploring.
Search for what [Enter for "polearms", or ? for help]? .
Okay, then.
Done exploring.
(D) Dungeon (T) Temple (L) Lair (O) Orcish Mines
Where to? (Enter - D:10 @ (x,y), ? - help)
What level of the Lair of Beasts? (default 1, ? - help)
You swap places.
There is a stone staircase leading up here.
You climb upwards.
There is a stone staircase leading down here.
Things that are here:
a +0 robe; a +0 dagger
There is a stone staircase leading down here.
There is a stone staircase leading up here.
You climb upwards.
Level annotation: exclusions: electric eel and 9 more exclusions
There is a stone staircase leading down here.
Sorry, I don't know how to get there.
All of the chunks of flesh in your inventory have rotted away.
The electric eel shoots out a bolt of lightning at you!
The bolt of electricity hits you!
The bolt of electricity hits Thorgils.
The electric eel shoots out a bolt of lightning at you!
The bolt of electricity hits you!
The electric eel shoots out a bolt of lightning at you!
The bolt of electricity hits you.
The bolt of electricity hits Thorgils!
The electric eel shoots out a bolt of lightning at you!
The bolt of electricity hits you!
* * * LOW HITPOINT WARNING * * *
Thorgils points at the electric eel and mumbles some strange words.
The electric eel resists with significant effort.
You hit the electric eel.
Your weapon exudes an aura of protection.
The electric eel is moderately wounded.
The electric eel shoots out a bolt of lightning at you!
The bolt of electricity hits you!
* * * LOW HITPOINT WARNING * * *
Thorgils gestures at the electric eel while chanting.
The electric eel resists with significant effort.
The electric eel shoots out a bolt of lightning at you!
The bolt of electricity hits you!
* * * LOW HITPOINT WARNING * * *
Okay, then.
As you read the scroll of teleportation {@r4}, it crumbles to dust.
You feel strangely unstable.
The electric eel shoots out a bolt of lightning at you!
The bolt of electricity hits you.
* * * LOW HITPOINT WARNING * * *
The electric eel shoots out a bolt of lightning at you!
The bolt of electricity hits you!
* * * LOW HITPOINT WARNING * * *
A red film seems to cover your vision as you go berserk!
You feel yourself moving faster!
You feel mighty!
The electric eel shoots out a bolt of lightning at you!
The bolt of electricity hits Thorgils!
The bolt of electricity misses you.
The electric eel shoots out a bolt of lightning at you!
The bolt of electricity hits you.
* * * LOW HITPOINT WARNING * * *
The electric eel shoots out a bolt of lightning at you!
The bolt of electricity misses you.
You feel a strong urge to attack something.
Thorgils hits the electric eel with a +0 dagger of draining.
The electric eel shoots out a bolt of lightning at you!
The bolt of electricity hits Thorgils!
The bolt of electricity hits you!
You die...

##....#.###....# #........≈.....
#######.'.....## #..≈≈..≈.≈.....
....##..#.....# #...≈≈≈≈≈≈.≈...
....##..#..##.# #...≈≈≈≈≈.≈.≈≈.
....##..#.....# #..≈≈≈≈≈≈≈≈≈;..
#########.....#####≈≈≈≈≈≈≈≈≈≈≈≈..
......# #####......≈≈≈≈≈.≈.≈.≈≈≈≈
......# #......≈≈≈≈≈≈....≈≈≈.
......# #...@.R;≈≈≈≈≈.>.≈.≈≈≈
.##...# #......≈≈≈≈≈.....≈≈.≈
......### #......≈≈≈≈≈≈. .≈≈≈.
#.......# #######.≈≈≈≈.≈. .≈≈≈
#.......# #..≈≈;.≈..≈≈≈..
'.......# #..≈≈≈≈≈.≈≈≈≈..
#.......# #.≈..≈≈≈.≈≈≈≈≈.
#.......# #...≈≈;≈.≈≈≈≈≈.
#......=###### #..≈≈≈≈≈.≈.≈≈≈.


You could see the friendly Thorgils the hexer and 2 electric eels.

Vanquished Creatures
  3 two-headed ogres
  2 cyclopes (D:11)
  A gargoyle (D:10)
  A queen bee (D:10)
  3 trolls
  Grinder (D:4)
  2 hippogriffs
  5 wraiths
  Grum (D:8)
  6 yaks (D:10)
  An acid dragon (D:11)
  A water moccasin (D:10)
  3 orc warriors
  A phantom (D:4)
  A black bear (D:10)
  3 ogres
  A necrophage (D:10)
  5 wolves
  A crocodile (D:10)
  5 big kobolds
  4 gnoll sergeants (D:10)
  A bullfrog (D:11)
  A wyvern skeleton (D:10)
  3 scorpions
  16 killer bees
  2 electric eels (D:9)
  3 howler monkeys
  3 crimson imps
  3 jellies
  A bullfrog zombie (D:10)
  6 orc wizards
  5 orc priests
  2 hounds (D:9)
  2 iguanas
  6 worker ants
  2 hound skeletons
  8 adders
  A howler monkey skeleton (D:8)
  A shadow imp (D:8)
  2 oozes
  An adder zombie (D:8)
  3 worms
  3 leopard geckos
  47 orcs
  7 bats
  4 giant cockroaches
  10 goblins
  9 hobgoblins
  5 jackals
  12 kobolds
  6 quokkas
  4 ball pythons
  7 frilled lizards
  7 rats
  A spectral weapon (D:10)
245 creatures vanquished.

Vanquished Creatures (collateral kills)
  A shadow (D:11)
  A wyvern (D:11)
  A wraith (D:7)
  2 orc warriors
  A wolf (D:9)
  An ogre (D:10)
  A killer bee (D:10)
  A crimson imp (D:5)
  A jelly (D:7)
  A hound (D:9)
  A bullfrog skeleton (D:6)
  3 orc wizards
  2 worker ants
  A gnoll (D:10)
  A shadow imp (D:6)
  10 orcs
  A jackal (D:5)
  A kobold (D:9)
  A quokka (D:8)
  A jackal zombie (D:6)
33 creatures vanquished.

Vanquished Creatures (others)
  10 hexers
  2 ancestors (D:7)
  An orc (D:9)
  12 plants (D:10)
  7 spectral weapons
32 creatures vanquished.

Grand Total: 310 creatures vanquished

Notes
Turn   | Place    | Note
-------+----------+-------------------------------------------
     0 | D:1      | CryoSword the Merfolk Skald began the quest for the Orb.
     0 | D:1      | Reached XP level 1. HP: 16/16 MP: 3/3
   250 | D:1      | Reached XP level 2. HP: 23/23 MP: 5/5
   254 | D:1      | Learned a level 2 spell: Song of Slaying
   508 | D:1      | Reached XP level 3. HP: 28/28 MP: 2/6
   812 | D:1      | Reached skill level 4 in Polearms
  1151 | D:1      | Learned a level 2 spell: Shroud of Golubria
  1321 | D:2      | Reached XP level 4. HP: 28/34 MP: 1/7
  1750 | D:1      | Learned a level 3 spell: Regeneration
  2492 | D:3      | Reached XP level 5. HP: 40/40 MP: 8/9
  3030 | D:4      | Reached skill level 5 in Polearms
  3154 | D:4      | Found a shimmering blue altar of Sif Muna.
  3233 | D:4      | Noticed a phantom
  3263 | D:4      | Killed a phantom
  3263 | D:4      | Reached XP level 6. HP: 29/47 MP: 10/10
  3415 | D:4      | Reached skill level 6 in Polearms
  3584 | D:4      | Learned a level 3 spell: Spectral Weapon
  3774 | D:4      | Noticed Grinder
  3774 | D:4      | Paralysed by Grinder for 7 turns
  3794 | D:4      | Killed Grinder
  3794 | D:4      | Reached skill level 1 in Shields
  3794 | D:4      | Reached XP level 7. HP: 36/53 MP: 12/12
  4215 | D:4      | Found a staircase to the Ecumenical Temple.
  4221 | Temple   | Entered the Ecumenical Temple
  4313 | Temple   | Became a worshipper of Hepliaklqana the Forgotten
  4411 | D:5      | Entered Level 5 of the Dungeon
  4465 | D:5      | Found a glowing golden altar of the Shining One.
  4546 | D:5      | Reached skill level 7 in Polearms
  4743 | D:5      | Found Setaofocw's Antique Armour Boutique.
  4746 | D:5      | Bought a buckler for 144 gold pieces
  5479 | D:6      | Reached * piety under Hepliaklqana
  5703 | D:6      | Reached skill level 5 in Dodging
  5703 | D:6      | Reached skill level 5 in Charms
  5790 | D:6      | Found an ornate altar of the Wu Jian Council.
  5809 | D:6      | Reached XP level 8. HP: 53/54 MP: 10/13
  6128 | D:7      | Found a basalt altar of Yredelemnul.
  6135 | D:7      | Found an iron altar of Okawaru.
  6137 | D:7      | Found a shimmering altar of Xom.
  6161 | D:7      | Noticed a wraith
  6187 | D:7      | Killed a wraith
  6187 | D:7      | Reached skill level 8 in Polearms
  6262 | D:7      | Noticed a wraith
  6268 | D:7      | Noticed a wraith
  6279 | D:7      | Killed a wraith
  6286 | D:7      | Killed a wraith
  6292 | D:7      | Noticed a wraith
  6294 | D:7      | Found the +5 scythe "Finisher" {speed, eviscerate}
  6339 | D:7      | Killed a wraith
  6339 | D:7      | Reached skill level 5 in Fighting
  6598 | D:7      | Noticed a wraith
  6611 | D:7      | Killed a wraith
  6611 | D:7      | Reached skill level 9 in Polearms
  6611 | D:7      | Reached skill level 1 in Stealth
  6611 | D:7      | Reached XP level 9. HP: 45/61 MP: 10/15
  6814 | D:7      | Noticed runewalsh's ghost (novice OpWz)
  6814 | D:7      | Noticed a queen bee
  6815 | D:7      | Found a transporter.
  6874 | D:7      | Found a transporter.
  7138 | D:8      | Reached skill level 1 in Hexes
  7270 | D:8      | Reached ** piety under Hepliaklqana
  7271 | D:8      | Remembered your ancestor Thorgils as a hexer
  7399 | D:8      | Noticed Grum
  7417 | D:8      | Reached skill level 1 in Necromancy
  7417 | D:8      | Reached skill level 1 in Translocations
  7466 | D:8      | Killed Grum
  7466 | D:8      | Reached skill level 10 in Polearms
  7533 | D:8      | Found Oskyo's General Store.
  7549 | D:8      | Bought a potion of curing for 33 gold pieces
  7549 | D:8      | Bought a scroll of identify for 22 gold pieces
  7549 | D:8      | Bought a scroll of fog for 22 gold pieces
  8214 | D:9      | Found Paups's Distillery.
  8482 | D:9      | Found a staircase to the Lair.
  8503 | D:9      | Reached XP level 10. HP: 38/68 MP: 16/16
  8719 | D:8      | Reached skill level 11 in Polearms
  9213 | D:9      | Noticed a two-headed ogre
  9223 | D:9      | Killed a two-headed ogre
  9223 | D:9      | Reached skill level 1 in Armour
  9761 | D:9      | Reached *** piety under Hepliaklqana
 10035 | D:10     | Entered Level 10 of the Dungeon
 10101 | D:10     | Reached skill level 12 in Polearms
 10105 | D:10     | Noticed a two-headed ogre
 10517 | D:10     | Found a staircase to the Orcish Mines.
 10522 | D:10     | Reached XP level 11. HP: 52/76 MP: 9/17
 10821 | D:10     | Reached skill level 5 in Stealth
 10863 | D:10     | Killed a two-headed ogre
 11795 | D:10     | Reached skill level 13 in Polearms
 12012 | D:11     | Noticed a cyclops
 12717 | D:11     | Killed a cyclops
 12881 | D:11     | Noticed a two-headed ogre
 12895 | D:11     | Killed a two-headed ogre
 12933 | D:11     | Noticed a cyclops
 12963 | D:11     | Killed a cyclops
 13223 | D:9      | Killed from afar by an electric eel

Levels and vault maps discovered:
D:1:      lightli_arrival_quake, layout_rooms
D:2:      layout_rooms, first_ration, guppyfry_early_orc_mine
D:3:      layout_loops_ring, minmay_misc_feat_x, kennysheep_generic_room_8
D:4:      layout_loops_ring, marbit_many_paths,
          minmay_temple_entry_enclosed_plants, minivault_1, uniq_grinder
D:5:      layout_basic, lemuel_round_altar, serial_shops,
          nicolae_shop_behind_doors
D:6:      layout_rooms, nicolae_overflow_crystal_walls
D:7:      layout_basic, nicolae_overflow_hidden_temple, gammafunk_ghost_hive,
          minmay_guarded_unrand_finisher
D:8:      layout_loops_cross, serial_shops, kennysheep_little_box,
          grunt_ogre_cave, uniq_grum
D:9:      layout_stronghold, erik_lair_island, serial_shops,
          nicolae_shop_competitors_out_of_business, kennysheep_flooded_box,
          kennysheep_generic_room_3
D:10:     layout_loops_ring, kennysheep_orc_monster_closet_entryway,
          nicolae_looking_at_the_future
D:11:     layout_rooms
Temple:   lightli_temple_of_artemis

Skill      XL: |  1  2  3  4  5  6  7  8  9 10 11 |
---------------+----------------------------------+-----
Dodging        | 3 4 5 6 7 |  7.0
Polearms       | 4 5 6 7 9 10 12 13 | 13.3
Charms         | 4 5 6 7 |  7.4
Fighting       | 3 4 5 6 7 8 |  8.8
Spellcasting   | 3 4 |  4.0
Shields        | 1 2 4 |  4.0
Stealth        | 1 3 4 5 |  5.5
Hexes          | 2 3 |  3.8
Necromancy     | 2 3 |  3.4
Translocations | 2 3 |  3.5
Armour         | 2 |  2.9

Action                   |  1- 3 |  4- 6 |  7- 9 | 10-12 || total
-------------------------+-------+-------+-------+-------++-------
Melee: Spear             |   113 |   210 |    23 |       ||   346
       Trident           |       |       |   150 |   102 ||   252
       Scythe            |       |       |   112 |   166 ||   278
Throw: Stone             |       |     5 |       |       ||     5
       Dart              |       |       |       |     2 ||     2
       Boomerang         |       |       |       |     1 ||     1
 Cast: Infusion          |     9 |    13 |     5 |     3 ||    30
       Song of Slaying   |     1 |     2 |     5 |     3 ||    11
       Shroud of Golubri |       |     6 |    11 |     5 ||    22
       Spectral Weapon   |       |     2 |    14 |    35 ||    51
       Regeneration      |       |       |     1 |    14 ||    15
Invok: Recall Ancestor   |       |       |     2 |     1 ||     3
       Ancestor Identity |       |       |     1 |       ||     1
       Ancestor Life: He |       |       |     1 |       ||     1
  Use: Scroll            |       |    11 |     4 |     5 ||    20
       Potion            |       |       |       |     8 ||     8
 Stab: Sleeping          |       |     1 |     4 |     4 ||     9
       Distracted        |       |       |     1 |     4 ||     5
       Confused          |       |       |     1 |     3 ||     4
  Eat: Chunk             |     2 |     8 |    18 |    18 ||    46
       Ration            |       |       |       |     1 ||     1
Armor: Leather armour    |    17 |    32 |    58 |    43 ||   150
Dodge: Dodged            |    56 |   108 |   124 |   194 ||   482
Block: Buckler           |       |       |    28 |     9 ||    37

Table legend:
 A = Non-vault XP
 B = Vault XP
 C = Vault XP percentage of total XP
 D = Non-vault monster count
 E = Vault monster count
 F = Vault count percentage of total count
                 A         B        C        D         E       F
            +---------+---------+-------+---------+---------+-------
      Total |   11332 |    5166 |  31.3 |     218 |      59 |  21.3
            +---------+---------+-------+---------+---------+-------
        D:1 |      70 |       4 |   5.4 |      30 |       2 |   6.2
        D:2 |      42 |      13 |  23.6 |      12 |       5 |  29.4
        D:3 |      67 |       3 |   4.3 |      19 |       2 |   9.5
        D:4 |     435 |     258 |  37.2 |      10 |       1 |   9.1
        D:5 |      75 |       0 |   0.0 |      12 |       0 |   0.0
        D:6 |     263 |       0 |   0.0 |      15 |       0 |   0.0
        D:7 |     269 |    1027 |  79.2 |      14 |       5 |  26.3
        D:8 |     967 |     939 |  49.3 |      28 |       6 |  17.6
        D:9 |    2160 |     548 |  20.2 |      29 |       8 |  21.6
       D:10 |    3833 |    2374 |  38.2 |      32 |      30 |  48.4
       D:11 |    3151 |       0 |   0.0 |      17 |       0 |   0.0
            +---------+---------+-------+---------+---------+-------
